 Dungeon Crawl Stone Soup version 0.18-a0-824-g47fe746 (webtiles) character file.

8096 JokEr the Martial Artist (level 11, -1/87 HPs)
             Began as an Octopode Transmuter on Dec 17, 2015.
             Was a High Priest of Cheibriados.
             Slain by conein's ghost (34 damage)
             ... on level 11 of the Dungeon.
             The game lasted 00:34:37 (12996 turns).

JokEr the Martial Artist (Octopode Transmuter)     Turns: 12996, Time: 00:34:38

Health: -1/87      AC:  8    Str: 19    XL:     11   Next: 25%
Magic:  8/12       EV: 16    Int: 30    God:    Cheibriados [*****.]
Gold:   442        SH:  0    Dex: 23    Spells: 3 memorised, 4 levels left

rFire  x . .     SeeInvis .       - Unarmed
rCold  + + +     Gourm    .     (shield currently unavailable)
rNeg   . . .     Faith    .     (helmet currently unavailable)
rPois  +         Spirit   .     (no amulet)
rElec  .         Dismiss  .     s - +6 ring of evasion
rCorr  .         Reflect  .     x - ring of poison resistance
SustAt .         Harm     .     (no ring)
MR     .....                    (no ring)
Stlth  ++........               (no ring)
                                (no ring)
                                (no ring)
                                (no ring)

@: ice-form, drained, very slow, not resistant to hostile enchantments,
unstealthy
A: almost no armour, amphibious, 8 rings, (constrict 8), (camouflage 0), frail
1, low mp 1, weak 1, wild magic 1, (gelatinous body 0), MP-powered wands
a: End Transformation, Bend Time, Temporal Distortion, Slouch, Step From Time,
Renounce Religion


You were on level 11 of the Dungeon.
You worshipped Cheibriados.
Cheibriados was extremely pleased with you.
You were not hungry.
You were a creature of crystalline ice.
You visited 2 branches of the dungeon, and saw 12 of its levels.
You also visited: Sewer.

You collected 442 gold pieces.

Inventory:

Missiles
 a - 129 arrows
 E - 6 poisoned arrows
Armour
 y - a +2 hat of magic resistance (melded)
Jewellery
 s - a +6 ring of evasion (left front paw)
 x - a ring of poison resistance (right front paw)
Wands
 u - a wand of magic darts (30)
 w - a wand of teleportation (2)
 z - a wand of confusion (6)
 A - a wand of fireball (8)
 C - a wand of fire (6)
 D - a wand of paralysis (10)
Scrolls
 d - a scroll of magic mapping
 e - 4 scrolls of recharging
 i - 2 scrolls of remove curse
 n - a scroll of silence {unknown}
Potions
 f - a potion of resistance {unknown}
 g - a potion of mutation {unknown}
 h - a potion of lignification {unknown}
 k - a potion of magic {unknown}
 l - 2 potions of curing
 m - 4 potions of flight
 o - a potion of haste {unknown}
 t - a potion of cure mutation {unknown}
 v - 2 potions of berserk rage {unknown}
Books
 b - a book of Changes

   Spells                             Type                      Level
   a - Beastly Appendage              Transmutation                1
   b - Sticks to Snakes               Transmutation                2
   c - Spider Form                    Transmutation/Poison         3
   d - Ice Form                       Ice/Transmutation            4
   e - Blade Hands                    Transmutation                5
 c - a book of Debilitation

   Spells                             Type                      Level
   a - Corona                         Hexes                        1
   b - Slow                           Hexes                        2
   c - Gell's Gravitas                Hexes/Translocation          3
   d - Inner Flame                    Hexes/Fire                   3
   e - Cause Fear                     Hexes                        4
   f - Leda's Liquefaction            Hexes/Earth                  4
 F - a book of the Tempests

   Spells                             Type                      Level
   a - Static Discharge               Conjuration/Air              3
   b - Lightning Bolt                 Conjuration/Air              5
   c - Fireball                       Conjuration/Fire             5
   d - Tornado                        Air                          9
   e - Shatter                        Earth                        9
 G - a book of Enchantments

   Spells                             Type                      Level
   a - Cause Fear                     Hexes                        4
   b - Yara's Violent Unravelling     Hexes/Transmutation          5
   c - Silence                        Hexes/Air                    5
   d - Deflect Missiles               Charms/Air                   6
   e - Haste                          Charms                       6
   f - Discord                        Hexes                        8
Comestibles
 j - 3 meat rations
 p - 5 beef jerkies
 q - 2 fruits
 r - a slice of pizza


   Skills:
 + Level 10.5(10.0) Fighting
 - Level 2.0(1.5) Dodging
 + Level 10.9(10.3) Unarmed Combat
 - Level 2.0(1.5) Spellcasting
 + Level 6.4(5.9) Transmutations
 - Level 5.8(5.4) Ice Magic


You had 4 spell levels left.
You knew the following spells:

 Your Spells              Type           Power        Failure   Level  Hunger
a - Beastly Appendage     Trmt           ######       3%          1    #......
b - Ice Form              Ice/Trmt       ######..     19%         4    #####..
c - Blade Hands           Trmt           ######....   38%         5    ######.


Dungeon Overview and Level Annotations

Branches:
Dungeon (11/15)            Temple (1/1) D:5
   Lair: D:8-11         Orc: D:9-12

Altars:
Ashenzari
Cheibriados
Dithmenos
Elyvilon
Fedhas
Gozag
Kikubaaqudgha
Makhleb
Nemelex Xobeh
Okawaru
Pakellas
Qazlal
Ru
Sif Muna
Trog
Vehumet
Xom
Yredelemnul
Zin
The Shining One

Shops:
D:6 [

Annotations:
D:4 exclusion: statue
D:11 conein's ghost, journeyman MiFi


Innate Abilities, Weirdness & Mutations

You cannot wear most types of armour.
You are amphibious.
You can wear up to eight rings at the same time.
((You can use your tentacles to constrict eight enemies at once.))
((Your skin changes colour to match your surroundings (Stealth).))
((Your rubbery body absorbs attacks (AC +1).))
You are frail (-10% HP).
Your magical capacity is low (-10% MP).
You are weak. (Str -2)
Your spells are a little harder to cast, but a little more powerful.
You expend magic power (3 MP) to strengthen your wands.


Message History

You offer a prayer to Cheibriados.
Cheibriados is extremely pleased with you.
Eat which item? (? for menu, Esc to quit)
Okay, then.
Okay, then.
Unknown command.
The flow of time bends around you.
Conein's ghost easily resists.
You feel slightly more hungry. Conein's ghost hits you!!
Conein's ghost freezes you.
* * * LOW HITPOINT WARNING * * *
Conein's ghost says, "I was once a great warrior, and I still am!"
Conein's ghost barely misses you.
Drink which item? (? for menu, Esc to quit)
You feel better. Conein's ghost closely misses you. Conein's ghost hits you.
Conein's ghost stares at you.
Conein's ghost hits you but does no damage.
Conein's ghost hits you but does no damage.
Conein's ghost hits you!!
You die...

.....#+####.oo#######≈#
..####......o≈≈≈≈≈≈≈≈≈#
..+ .....#####.....?#
..# ..... #..(...## ###
..... #.......# ....
#.......# ... #.......#
#W......# #Y......#
#.......# ........#
######...# ..## .# #


You could see conein's ghost.

Vanquished Creatures
  Gastronok (D:8)
  Erolcha (D:8)
  A deep elf mage (D:11)
  Joseph (D:8)
  Grinder (D:6)
  2 hippogriffs
  A hungry ghost (D:5)
  Menkaure (D:4)
  Edmund (D:6)
  An eye of draining (D:9)
  6 ogres
  A wasp (D:8)
  2 ice beasts
  3 phantoms
  3 centaurs (D:5)
  A necrophage (D:10)
  2 big kobolds
  8 giant frogs
  A gnoll sergeant (D:9)
  A wyvern skeleton (D:10)
  3 scorpions
  10 wights
  3 electric eels
  An oklob sapling (D:5)
  2 giant frog zombies
  4 crimson imps
  7 hounds
  2 giant frog skeletons
  3 orc priests
  5 orc wizards
  2 jellies
  An iguana (D:4)
  5 worker ants
  3 hound zombies
  4 gnolls (D:9)
  19 adders
  2 river rats (Sewer)
  3 shadow imps
  An ooze (D:2)
  2 adder skeletons
  3 worms
  8 giant geckos
  18 orcs
  8 giant cockroaches
  9 hobgoblins
  2 quokkas
  3 ball pythons
  4 bats
  A giant gecko zombie (D:5)
  7 giant newts
  9 goblins
  14 jackals
  14 kobolds
  A quokka zombie (D:6)
  9 rats
  A plant (D:5)
232 creatures vanquished.

Vanquished Creatures (others)
  A gnoll (D:9)
1 creature vanquished.

Grand Total: 233 creatures vanquished

Notes
Turn   | Place    | Note
--------------------------------------------------------------
     0 | D:1      | JokEr the Octopode Transmuter began the quest for the Orb.
     0 | D:1      | Reached XP level 1. HP: 13/13 MP: 3/3
   456 | D:1      | Reached XP level 2. HP: 18/18 MP: 5/5
  1082 | D:1      | Reached XP level 3. HP: 24/24 MP: 6/6
  2744 | D:3      | Reached XP level 4. HP: 27/30 MP: 7/7
  3388 | D:4      | Reached skill level 4 in Unarmed Combat
  3388 | D:4      | Reached XP level 5. HP: 25/36 MP: 6/8
  3551 | D:4      | Noticed Menkaure
  3569 | D:4      | Noticed an ogre
  3573 | D:4      | Found a radiant altar of Vehumet.
  3590 | D:4      | Killed an ogre
  3590 | D:4      | Reached XP level 6. HP: 15/42 MP: 9/9
  4616 | D:4      | Learned a level 4 spell: Ice Form
  4743 | D:4      | Reached skill level 5 in Unarmed Combat
  5123 | D:4      | Reached XP level 7. HP: 16/48 MP: 8/10
  5379 | D:4      | Found a burning altar of Makhleb.
  5464 | D:4      | Killed Menkaure
  5620 | D:5      | Entered Level 5 of the Dungeon
  5686 | D:5      | Reached skill level 5 in Transmutations
  5937 | D:5      | Found a staircase to the Ecumenical Temple.
  5980 | Temple   | Entered the Ecumenical Temple
  6072 | Temple   | Became a worshipper of Cheibriados the Contemplative
  6100 | D:5      | Learned a level 5 spell: Blade Hands
  6115 | D:5      | Reached skill level 5 in Fighting
  6126 | D:5      | Found a glowing drain.
  6130 | Sewer    | Entered a sewer
  6235 | Sewer    | Reached skill level 1 in Ice Magic
  6235 | Sewer    | Reached XP level 8. HP: 36/55 MP: 11/11
  6388 | Sewer    | Found a glowing silver altar of Zin.
  6610 | D:5      | Reached skill level 6 in Unarmed Combat
  6788 | D:5      | Reached * piety under Cheibriados
  7289 | D:5      | Found a sacrificial altar of Ru.
  7332 | D:5      | Reached skill level 7 in Unarmed Combat
  7817 | D:6      | Noticed Grinder
  7824 | D:6      | Killed Grinder
  7824 | D:6      | Reached XP level 9. HP: 63/63 MP: 10/12
  7878 | D:6      | Reached ** piety under Cheibriados
  7999 | D:6      | Found a stormy altar of Qazlal.
  8306 | D:6      | Found a shimmering altar of Xom.
  8339 | D:6      | Found Vacucwys's Armour Emporium.
  8742 | D:6      | Noticed Edmund
  8749 | D:6      | Killed Edmund
  8847 | D:7      | Reached skill level 5 in Ice Magic
  8992 | D:7      | Reached skill level 8 in Unarmed Combat
  9132 | D:7      | Found an oddly glowing altar of Pakellas.
  9228 | D:7      | Found a glowing silver altar of Zin.
  9235 | D:7      | Reached *** piety under Cheibriados
 10190 | D:8      | Noticed Erolcha
 10200 | D:8      | Killed Erolcha
 10200 | D:8      | Reached skill level 9 in Unarmed Combat
 10200 | D:8      | Reached XP level 10. HP: 73/73 MP: 9/13
 10285 | D:8      | Noticed Joseph
 10297 | D:8      | Killed Joseph
 10638 | D:8      | Noticed Gastronok
 10710 | D:8      | Killed Gastronok
 10710 | D:8      | Reached skill level 10 in Fighting
 10710 | D:8      | Reached skill level 10 in Unarmed Combat
 10911 | D:8      | Found a basalt altar of Yredelemnul.
 11008 | D:9      | Reached **** piety under Cheibriados
 11151 | D:9      | Reached XP level 11. HP: 81/81 MP: 14/14
 12278 | D:10     | Entered Level 10 of the Dungeon
 12313 | D:10     | Reached ***** piety under Cheibriados
 12314 | D:10     | Gained mutation: You are weak. (Str -2) [mutagenic glow]
 12332 | D:10     | Gained mutation: You are frail (-10% HP). [mutagenic glow]
 12345 | D:9      | Gained mutation: You expend magic power (3 MP) to strengthen your wands. [mutagenic glow]
 12373 | D:9      | Gained mutation: Your spells are a little harder to cast, but a little more powerful. [mutagenic glow]
 12398 | D:9      | Gained mutation: Your magical capacity is low (-10% MP). [mutagenic glow]
 12559 | D:10     | Noticed a hill giant
 12664 | D:10     | Noticed a hill giant
 12988 | D:11     | Noticed conein's ghost (journeyman MiFi)
 12996 | D:11     | Slain by conein's ghost

Vault maps used:
D:1:      tarquinn_simple_flora_water_c
D:2:      st_stairs_8
D:4:      vehumet_statue, lemuel_doored_altar, first_bread, uniq_menkaure
D:5:      nicolae_ru_path_of_blood, minmay_temple_entry_oklob,
          gup_sewer_entry_bowl
D:6:      nicolae_overflow_crystal_walls, xom_butterflies, serial_shops, shop,
          nicolae_water_bricks, uniq_edmund, uniq_grinder
D:7:      zin_treasury, kennysheep_mini_moat
D:8:      marbit_many_paths, uniq_erolcha, uniq_gastronok, uniq_joseph
D:10:     hangedman_fish_farm, grunt_ministairs_15, grunt_decor_mini_mirrors
D:11:     minmay_lair_entry_grove, st_stairs_6, hangedman_decor_slide_cut,
          minmay_orc_keep
Temple:   circular_temple_12
Sewer:    sewer_kobolds

Action                   |  1- 3 |  4- 6 |  7- 9 | 10-12 || total
-------------------------+-------+-------+-------+-------++-------
Melee: Unarmed           |   100 |   106 |   312 |   127 ||   645
 Cast: Beastly Appendage |     2 |     6 |    17 |       ||    25
       Ice Form          |       |       |     8 |    13 ||    21
       Blade Hands       |       |       |       |     1 ||     1
Invok: Bend Time         |       |       |       |     1 ||     1
  Use: Scroll            |     5 |     3 |     5 |     2 ||    15
       Potion            |       |       |       |     5 ||     5
 Stab: Sleeping          |    10 |     2 |     7 |     3 ||    22
       Distracted        |       |       |     1 |       ||     1
  Eat: Chunk             |     5 |     8 |     5 |     3 ||    21
       Bread ration      |       |       |     2 |     1 ||     3
       Fruit             |       |       |       |     1 ||     1
